 Dungeon Crawl Stone Soup version 0.22-a0-456-g11ed031 (webtiles) character file.

25 HDogLeCool the Chucker (level 2, 41/42 HPs)
             Began as a Troll Hunter on Oct 24, 2017.
             Quit the game on level 1 of the Dungeon on June 7, 2018.
             The game lasted 00:16:25 (803 turns).

HDogLeCool the Chucker (Troll Hunter)                Turns: 803, Time: 00:16:26

Health: 41/42      AC: 21    Str: 19    XL:     2   Next: 86%
Magic:  1/1        EV:  1    Int:  7    God:
Gold:   31         SH:  0    Dex: 10    Spells: 1/1 levels left

rFire    . . .     SeeInvis .   a - +0 short sword
rCold    . . .     Gourm    +   (no shield)
rNeg     + + +     Faith    .   (armour currently unavailable)
rPois    +         Spirit   .   (helmet currently unavailable)
rElec    .         Reflect  .   (cloak currently unavailable)
rCorr    .         Harm     .   (gloves unavailable)
MR       .....     NoTele   +   (boots unavailable)
Stlth    +.........             (no amulet)
HPRegen  0.54/turn              (no ring)
MPRegen  0.07/turn              (no ring)

@: tree-form
A: large, unfitting armour, fast metabolism 3, gourmand, regeneration 1
a: no special abilities


You were on level 1 of the Dungeon.
You were hungry.
You were a tree.
You visited 1 branch of the dungeon, and saw 2 of its levels.

You collected 31 gold pieces.

Inventory:

Hand Weapons
 a - a +0 short sword (weapon)
 h - a +0 club
Missiles
 c - 5 large rocks (quivered)
 d - 2 throwing nets
Armour
 b - a +0 robe (melded)
 j - a +0 leather armour
Comestibles
 f - 2 rations
 g - a chunk of flesh


   Skills:
 + Level 1.6 Fighting
 + Level 4.2 Throwing
 + Level 1.9 Dodging
 + Level 0.4 Stealth


You had one spell level left.
You didn't know any spells.
Your spell library was empty.

Dungeon Overview and Level Annotations

Branches:
Dungeon (2/15)

Altars:


Innate Abilities, Weirdness & Mutations

You are too large for most types of armour.
((You have claws for hands.))
Your metabolism is lightning-fast.
You like to eat raw meat.
Your natural rate of healing is unusually fast.
((You are covered in fur. (AC +1)))
((You have very tough skin. (AC +2)))


Message History

You cannot move.
You cannot move.
You cannot move.
You cannot move.
You cannot move.
You cannot move.
You cannot move.
You cannot move.
You cannot move.
You cannot move.
You cannot move.
You cannot move.
You cannot move.
You cannot move.
You aren't carrying any potions.
Unknown command.
Unknown command.
You swing at nothing.
Unknown command.
Are you sure you want to abandon this character and quit the game? (Confirm with "yes".)

≈≈≈≈≈≈,,,* ***,********,,,,*
# ≈≈≈≈≈,,,,*
#.........#,,,,,* #
≈≈≈≈,,,,,*###.........#*,,,**
#
≈≈≈≈≈,,,,,,...........#**,**
# ≈≈≈≈≈,,,,*###...[.....# *,*
# ≈≈≈≈≈≈,..,............# *,*
# ≈≈≈≈≈≈,..***#.........# *,*
# ******,.#* #.........# *,*
# *,.# #.$.♣.....# *,* # ##.#
#.....[...# *,* # #..*
######.##### *,* # #.#*
#..)...# *,* #.# #.###### *,*
#># #.# *,* #.# #.# *,* #.#
#.# *,* #.# #.# *,*


There were no monsters in sight!

Vanquished Creatures
  A worm (D:2)
  A goblin (D:1)
  3 hobgoblins (D:1)
  5 jackals (D:1)
  A kobold (D:1)
  A quokka (D:2)
  3 bats (D:1)
  6 rats (D:1)
  4 plants (D:1)
25 creatures vanquished.

Vanquished Creatures (others)
  6 plants (D:1)
6 creatures vanquished.

Grand Total: 31 creatures vanquished

Notes
Turn   | Place    | Note
-------+----------+-------------------------------------------
     0 | D:1      | HDogLeCool the Troll Hunter began the quest for the Orb.
     0 | D:1      | Reached XP level 1. HP: 19/19 MP: 0/0
   264 | D:1      | Reached XP level 2. HP: 24/27 MP: 1/1
   270 | D:1      | Reached skill level 4 in Throwing
   803 | D:1      | Quit the game

Vault maps used:
D:1:      giann_wishing_wells, serial_bayou, serial_bayou_pond_c,
          serial_bayou_pond_d, serial_bayou_lagoon_a, serial_bayou_shore_a,
          minmay_tromino_i4
D:2:      gammafunk_temple_overflow_claw, first_ration, kennysheep_jessica_study

Skill      XL: |  1  2 |
---------------+-------+-----
Throwing       | 4 |  4.2
Fighting       | |  1.6
Dodging        | |  1.9
Stealth        | |  0.4

Action                   || total
-------------------------++-------
Melee: Short sword       ||   269
  Use: Scroll            ||     2
       Potion            ||     1
  Eat: Chunk             ||     5
Armor: Robe              ||    39
Dodge: Dodged            ||    70

Table legend:
 A = Spawn XP
 B = Non-spawn XP
 C = Spawn XP percentage of total XP
 D = Spawn monster count
 E = Non-spawn monster count
 F = Spawn count percentage of total count
 G = Total turns spent on level
                    A         B        C        D         E        F      G
               +---------+---------+-------+---------+---------+-------+---------
         Total |       0 |      37 |   0.0 |       0 |      21 |   0.0 |   803
               +---------+---------+-------+---------+---------+-------+---------
           D:1 |       0 |      30 |   0.0 |       0 |      19 |   0.0 |   658
           D:2 |       0 |       7 |   0.0 |       0 |       2 |   0.0 |   145
               +---------+---------+-------+---------+---------+-------+---------
